 Dungeon Crawl Stone Soup version 0.29.0-4-gdea44cf6ec (webtiles) character file.

Game seed: 12512208118039819106

37 qw the Chopper (level 3, -2/23 HPs)
             Began as a Gargoyle Fighter on Sept 6, 2022.
             Slain by a quokka (3 damage)
             ... on level 2 of the Dungeon.
             The game lasted 00:00:29 (1362 turns).

qw the Chopper (Gargoyle Fighter)                   Turns: 1362, Time: 00:00:30

Health: -2/23      AC: 10    Str: 21    XL:     3   Next: 39%
Magic:  3/3        EV:  9    Int:  8    God:
Gold:   57         SH:  4    Dex:  9    Spells: 2/2 levels left

rFire   . . .      SeeInvis .   Y - +0 war axe
rCold   . . .      Faith    .   c - +0 buckler
rNeg    + . .      Spirit   .   b - +0 scale mail
rPois   inf        Reflect  .   (no helmet)
rElec   +          Harm     .   (no cloak)
rCorr   .          Rampage  .   (no gloves)
Will    .....                   (no boots)
Stlth   ..........              (no amulet)
HPRegen 0.07/turn               (no ring)
MPRegen 0.08/turn               (no ring)

@: no status effects
A: sickness immunity, AC +3, negative energy resistance 1, electricity
resistance, torment resistance 1, petrification resistance
a: no special abilities


You were on level 2 of the Dungeon.
You visited 1 branch of the dungeon, and saw 2 of its levels.

You collected 57 gold pieces.


Innate Abilities, Weirdness & Mutations

You are immune to sickness and miasma.
Your stone body is resilient. (AC +3)
You are immune to poison.
You resist negative energy. (rN+)
You are resistant to electric shocks. (rElec)
You are resistant to unholy torment.
You are immune to petrification.


   Skills:
 - Level 3.2 Fighting
 + Level 3.3 Axes
 - Level 3.2 Armour
 - Level 3.2 Shields


You had 2 spell levels left.
You didn't know any spells.
Your spell library was empty.

Inventory:

Hand Weapons
 j - a +0 whip
 Y - a +0 war axe (weapon)
Armour
 b - a +0 scale mail (worn)
 c - a +0 buckler (worn)
Scrolls
 f - a scroll of identify
Potions
 d - a potion of might
 e - 2 potions of attraction
 g - a potion of lignification {unknown}
 h - a potion of haste {unknown}
 i - a potion of cancellation {unknown}
 l - a potion of mutation {unknown}

Dungeon Overview and Level Annotations

Branches:
Dungeon (2/15)

Altars:

Annotations:
D:2 Sigmund


Message History

The dart slug bites you but does no damage.
You slash the dart slug!
You kill the dart slug!
You start waiting.
A kobold comes into view. It is wielding a +0 short sword.
The kobold shouts!
You hit the kobold.
The kobold is severely wounded.
The kobold barely misses you.
You hit the kobold.
You kill the kobold!
There is an open door here.
Things that are here:
a +0 short sword; a dart slug corpse; a quokka corpse A goblin comes into view.
It is wielding a +0 club.
The goblin shouts!
You hear a shout!
A kobold comes into view. It is wielding a +0 short sword.
1351 ||| Stepping ~*~*~tactically~*~*~ (stealth).
You slash the goblin!
You kill the goblin!
Sigmund the Dreaded comes into view.
He is wielding a +0 scythe.
Sigmund shouts!
You see here a +0 club.
1355 ||| Stepping ~*~*~tactically~*~*~ (hiding).
You start waiting.
Sigmund is nearby!
The kobold shouts!
Sigmund hits you from afar with a +0 scythe!
You see here a +0 club.
A quokka comes into view.
You closely miss Sigmund. Sigmund hits you with a +0 scythe.
You barely miss Sigmund. Sigmund hits you with a +0 scythe.
The kobold hits you but does no damage.
You slash Sigmund!
Sigmund is heavily wounded.
You hit the kobold.
You kill the kobold!
Sigmund hits you with a +0 scythe. The quokka bites you.
You die...

#..<%.......## #....#
#########....# ### #....#
..........#.####.# #....#
.#######....#....####....###.
....................)........
.#######.#....#######....###.
#.......###.......#
#######..##.......#
......r@)........#
......@####...#### .......#
###.# ....... #.# ....... ..#
....... .# ....... ....... #


You could see Sigmund and a quokka.

Vanquished Creatures
  An adder (D:2)
  3 dart slugs
  2 bats (D:1)
  2 endoplasms (D:1)
  4 goblins
  A hobgoblin (D:1)
  4 kobolds
  2 quokkas
  2 frilled lizards
21 creatures vanquished.

Notes
Turn   | Place    | Note
-------+----------+-------------------------------------------
     0 | D:1      | qw the Gargoyle Fighter began the quest for the Orb.
     0 | D:1      | Reached XP level 1. HP: 14/14 MP: 1/1
     0 | D:1      | 0 ||| qw: Version: 0.1-a-107-g9ff403c
     0 | D:1      | 0 ||| qw: Game counter: 6174
     0 | D:1      | 0 ||| qw: Always use a shield: true
     0 | D:1      | 0 ||| qw: God list: Okawaru
     0 | D:1      | 0 ||| qw: Allow faded altars: false
     0 | D:1      | 0 ||| qw: Do Orc after D:15 true
     0 | D:1      | 0 ||| qw: Do second Lair branch before Depths: true
     0 | D:1      | 0 ||| qw: Lair rune preference: random
     0 | D:1      | 0 ||| qw: Plans: Normal, Zot, God:TSO, Crypt, Tomb, Zig,
                  | Orb
     0 | D:1      | 0 ||| PLANNING D:1-11
   138 | D:1      | 138 ||| Stepping ~*~*~tactically~*~*~ (hiding).
   150 | D:1      | Reached XP level 2. HP: 19/19 MP: 2/2
   264 | D:1      | You fall into a shaft and drop 1 floor!
   283 | D:2      | 283 ||| READING scroll labelled RIUTUSURRI.
   284 | D:2      | 284 ||| READING scroll labelled USAPIC PUGHOSS.
   402 | D:1      | 402 ||| Stepping ~*~*~tactically~*~*~ (hiding).
   541 | D:1      | 541 ||| DROPPING +0 club.
   642 | D:1      | 642 ||| Stepping ~*~*~tactically~*~*~ (stealth).
   672 | D:1      | 672 ||| Stepping ~*~*~tactically~*~*~ (stealth).
   674 | D:1      | 674 ||| Stepping ~*~*~tactically~*~*~ (stealth).
  1041 | D:1      | 1041 ||| READING scroll labelled QEPPADW LEES.
  1042 | D:1      | 1042 ||| READING scroll labelled ZEASEW NEMN.
  1045 | D:1      | 1045 ||| DRINKING 3 blue potions.
  1100 | D:2      | Reached skill level 3 in Axes
  1100 | D:2      | 1100 ||| STAIRDANCE
  1183 | D:2      | Reached XP level 3. HP: 20/23 MP: 3/3
  1257 | D:2      | 1257 ||| Stepping ~*~*~tactically~*~*~ (hiding).
  1351 | D:2      | 1351 ||| Stepping ~*~*~tactically~*~*~ (stealth).
  1354 | D:2      | Noticed Sigmund
  1355 | D:2      | 1355 ||| Stepping ~*~*~tactically~*~*~ (hiding).
  1362 | D:2      | HP: 1/23 [Sigmund/+0 scythe (5)]
  1362 | D:2      | Slain by a quokka

Levels and vault maps discovered:
D:1:      dpeg_arrival_arbitrary_b, layout_basic, minmay_misc_feat_cross
D:2:      layout_basic, dreamdust_ecumenical_altar_drowned_temple,
          grunt_ministairs_8, minmay_goblin_kobold_house, uniq_sigmund

Skill      XL: |  1  2 |
---------------+-------+-----
Axes           | 2 3 |  3.3
Fighting       | |  3.2
Armour         | |  3.2
Shields        | |  3.2

Action                   || total
-------------------------++-------
Melee: War axe           ||    68
  Use: Scroll            ||     4
       Potion            ||     1
Armor: Scale mail        ||    35
Dodge: Dodged            ||    24
Block: Buckler           ||    14

Table legend:
 A = Non-vault XP
 B = Vault XP
 C = Vault XP percentage of total XP
 D = Non-vault monster count
 E = Vault monster count
 F = Vault count percentage of total count
                 A         B        C        D         E       F
            +---------+---------+-------+---------+---------+-------
      Total |      55 |       0 |   0.0 |      21 |       0 |   0.0
            +---------+---------+-------+---------+---------+-------
        D:1 |      29 |       0 |   0.0 |      14 |       0 |   0.0
        D:2 |      26 |       0 |   0.0 |       7 |       0 |   0.0
            +---------+---------+-------+---------+---------+-------
